 Dungeon Crawl Stone Soup version 0.24-a0-518-g9d8d8d5b78 (webtiles) character file.

Game seed: 9887800796815533073

58 Peloso the Skirmisher (level 3, 0/34 HPs)
             Began as a Minotaur Fighter on July 23, 2019.
             Slain by a gnoll
             ... wielding a +0 flail
              (6 damage)
             ... on level 2 of the Dungeon.
             The game lasted 00:01:21 (629 turns).

Peloso the Skirmisher (Minotaur Fighter)             Turns: 629, Time: 00:01:22

Health: 0/34       AC:  7    Str: 20    XL:     3   Next: 75%
Magic:  2/2        EV:  7    Int:  5    God:
Gold:   47         SH:  9    Dex: 10    Spells: 2/2 levels left

rFire    . . .     SeeInvis .   a - +0 long sword
rCold    . . .     Gourm    .   c - +0 shield
rNeg     . . .     Faith    .   b - +0 scale mail
rPois    .         Spirit   .   (helmet restricted)
rElec    .         Reflect  .   (no cloak)
rCorr    .         Harm     .   (no gloves)
MR       .....                  (no boots)
Stlth    ..........             (no amulet)
HPRegen  0.11/turn              (no ring)
MPRegen  0.08/turn              (no ring)

@: no status effects
A: retaliatory headbutt, horns 2
a: no special abilities


You were on level 2 of the Dungeon.
You were not hungry.

You visited 1 branch of the dungeon, and saw 2 of its levels.

You collected 47 gold pieces.

Inventory:

Hand Weapons
 a - a +0 long sword (weapon)
Armour
 b - a +0 scale mail (worn)
 c - a +0 shield (worn)
Scrolls
 e - a scroll of amnesia {unknown}
 g - 3 scrolls of teleportation {unknown}
 i - a scroll of enchant armour {unknown}
 j - 2 scrolls of remove curse {unknown}
 k - a scroll of identify {unknown}
 m - a scroll of fear {unknown}
Potions
 d - a potion of might
 h - 3 potions of haste {unknown}
 l - a potion of lignification {unknown}
Comestibles
 f - a ration


   Skills:
 + Level 4.6 Fighting
 + Level 3.2 Long Blades
 + Level 3.9 Armour
 + Level 4.1 Shields


You had 2 spell levels left.
You didn't know any spells.
Your spell library was empty.

Dungeon Overview and Level Annotations

Branches:
Dungeon (2/15)

Altars:


Innate Abilities, Weirdness & Mutations

You reflexively headbutt those who attack you in melee.
You have a pair of horns on your head.


Message History

You block the gnoll's attack.
The gnoll hits you from afar with a +0 spear.
The gnoll barely misses you.
Things that are here:
a +0 spear; a gnoll corpse Your shield and scale mail prevent you from hitting the gnoll.
Your headbutt misses the gnoll. The gnoll hits you with a +0 spear.
* * * LOW HITPOINT WARNING * * *
A gnoll comes into view. It is wielding a +0 flail.
You closely miss the gnoll. You headbutt the gnoll!
The gnoll is almost dead.
The gnoll hits you with a +0 spear.
* * * LOW HITPOINT WARNING * * *
You slash the gnoll!
You kill the gnoll!
You see here a +0 spear.
You slash the gnoll!
The gnoll is severely wounded.
The gnoll hits you with a +0 flail.
You die...

#### #... #.## #.#
#.# #############
#.##
#@))).......###<##
#g####............
...# #.##[..######
#.#### #.###### #
#. #.# .. #.# #
#.# ..# #.


You could see a gnoll.

Vanquished Creatures
  2 gnolls (D:2)
  2 oozes (D:1)
  4 bats (D:1)
  3 giant cockroaches
  3 goblins (D:1)
  3 hobgoblins
  A ball python (D:1)
  3 frilled lizards (D:1)
  3 kobolds (D:1)
  9 rats (D:1)
33 creatures vanquished.

Notes
Turn   | Place    | Note
-------+----------+-------------------------------------------
     0 | D:1      | Peloso the Minotaur Fighter began the quest for the Orb.
     0 | D:1      | Reached XP level 1. HP: 19/19 MP: 0/0
    65 | D:1      | Reached XP level 2. HP: 21/27 MP: 1/1
   264 | D:1      | Reached XP level 3. HP: 32/33 MP: 2/2
   629 | D:2      | Slain by a gnoll

Levels and vault maps discovered:
D:1:      saegor_arrival_simple_c, layout_rooms, minmay_hexomino_f4
D:2:      layout_loops_ring, first_ration, minmay_crystal_water

Skill      XL: |  1  2 |
---------------+-------+-----
Fighting       | 4 |  4.6
Long Blades    | 3 |  3.2
Shields        | 4 |  4.1
Armour         | |  3.9

Action                   || total
-------------------------++-------
Melee: Long sword        ||    69
       Headbutt          ||     7
Armor: Scale mail        ||    28
Dodge: Dodged            ||    26
Block: Shield            ||    38
       Rpst.: Long sword ||     5

Table legend:
 A = Non-vault XP
 B = Vault XP
 C = Vault XP percentage of total XP
 D = Non-vault monster count
 E = Vault monster count
 F = Vault count percentage of total count
                 A         B        C        D         E       F
            +---------+---------+-------+---------+---------+-------
      Total |      79 |       4 |   4.8 |      30 |       3 |   9.1
            +---------+---------+-------+---------+---------+-------
        D:1 |      47 |       4 |   7.8 |      26 |       3 |  10.3
        D:2 |      32 |       0 |   0.0 |       4 |       0 |   0.0
            +---------+---------+-------+---------+---------+-------
